 Dungeon Crawl Stone Soup version 0.30-a0-777-ga9a30cbeda (webtiles) character file.

Game seed: 282883424570671333

5 Esekla the Sneak (level 1, -1/11 HPs)
             Began as a Vine Stalker Delver on Feb 14, 2023.
             Was an Initiate of Vehumet.
             Slain by a hound (2 damage)
             ... on level 5 of the Dungeon.
             The game lasted 00:02:32 (268 turns).

Esekla the Sneak (Vine Stalker Delver)               Turns: 268, Time: 00:02:33

Health: -1/11      AC:  3    Str: 14    XL:     1   Next: 80%
Magic:  0/2        EV: 11    Int: 10    God:    Vehumet [......]
Gold:   0          SH:  0    Dex: 15    Spells: 0/0 levels left

rFire   . . .      SeeInvis .    a - +0 falchion
rCold   . . .      Faith    .    (no shield)
rNeg    . . .      Spirit   +    b - +0 leather armour
rPois   .          Reflect  .    (no helmet)
rElec   .          Harm     .    (no cloak)
rCorr   .          Rampage  .    (no gloves)
Will    .....                    (no boots)
Stlth   +++                      (no amulet)
HPRegen 0.21/turn                (no ring)
MPRegen 0.08/turn                (no ring)

@: hasted, very quick
A: fangs 2, magic shield, antimagic bite, no potion heal 2
a: Renounce Religion


You were on level 5 of the Dungeon.
You worshipped Vehumet.
Vehumet was noncommittal.
You visited 2 branches of the dungeon, and saw 2 of its levels.

Inventory:

Hand Weapons
 a - a +0 falchion (weapon)
 d - a +0 spear
 h - a +0 trident
Armour
 b - a +0 leather armour (worn)
Wands
 g - a wand of digging (3)
Scrolls
 c - a scroll of fog
 e - 2 scrolls of noise {unknown}
 i - 2 scrolls of enchant weapon {unknown}
 j - a scroll of immolation {unknown}
Potions
 k - 2 potions of flight {unknown}


   Skills:
 * Level 2.7 Fighting
 * Level 1.8 Long Blades
 + Level 1.5 Dodging
 + Level 6.1 Stealth
 * Level 0.2 Spellcasting


You couldn't memorise any spells.
You didn't know any spells.
Your spell library was empty.

Dungeon Overview and Level Annotations

Branches:
Dungeon (5/15)             Temple (1/1) D:5

Altars:
Ashenzari
Elyvilon
Fedhas
Makhleb
Nemelex Xobeh
Ru
Trog
Vehumet
Wu Jian
Yredelemnul
Zin
The Shining One

Shops:
D:5 (


Innate Abilities, Weirdness & Mutations

You have extremely sharp teeth.
When hurt, damage is shared between your health and your magic reserves.
Your bite disrupts and absorbs the magic of your enemies.
Potions cannot restore your health.


Message History

You climb upwards.
There is a staircase to the Ecumenical Temple here.
j - a scroll labelled BOPITT DOKO
k - a white potion
Found a white potion.
Found a stone staircase leading down.
Found a stone staircase leading up.
k - 2 white potions (gained 1)
An orc comes into view. It is wielding a +0 club.
An orc comes into view. It is wielding a +1 mace of protection.
Found a stone staircase leading down.
Found a scroll labelled MICRIU LEIJOME.
A quokka comes into view.
Found a leather armour.
The jelly quivers.
An iguana comes into view.
You see here a scroll labelled MICRIU LEIJOME.
The quokka twitches its whiskers.
The quokka attacks as you move away! The quokka bites you.
You hit the quokka.
The quokka is moderately wounded.
The quokka bites you.
You hit the quokka but do no damage. Your bite misses the quokka.
The quokka is moderately wounded.
The quokka bites you.
The quokka bites you but does no damage.
You feel yourself speed up. The quokka bites you.
An orc warrior, an orc wizard and a hound come into view.
The orc wizard is wielding a +0 dagger of draining.
The orc shouts!
The hound barks!
The orc wizard shouts!
You hear a shout!
An orc comes into view. It is wielding a +0 hand axe.
Found a scroll labelled BOPITT DOKO.
The orc shouts!
The orc warrior shouts!
The hound closely misses you.
There is a stone staircase leading up here.
The hound bites you but does no damage.
The orc hits you with a +1 mace of protection.
* * * LOW HITPOINT WARNING * * *
The hound bites you.
You die...

#....##.##.###.##.......####..#
###..#.##.##.###......###.#......
#..........#.#....###...#........
#..........#.#.##.J......?.......
#...........>J.######.##.#.......
#.............### #.##..#.[....
#########.....r.#####.###........
#.............##*.......l
#.....oo@.......,.#......
#..##..ho.......,........
*#.###...o.>...##*##*.#.#.
#..*....o........,,,,,*,,,
*#..............##****,*,,,
**,,...#........?..,,,,,,,,,
**,,,...#########...,,,,,,**,
*,,,,#.** *...***,,,**, *,***,,*
*,*,,,,,,,,*,


You could see an orc warrior, a hound, a jelly, an orc wizard, 3 orcs and a
quokka.

Vanquished Creatures
  An ufetubus (D:5)
1 creature vanquished.

Notes
Turn   | Place    | Note
-------+----------+-------------------------------------------
     0 | D:5      | Esekla the Vine Stalker Delver began the quest for the Orb.
     0 | D:5      | Reached XP level 1. HP: 11/11 MP: 2/2
    16 | D:5      | Noticed a jelly
    21 | D:5      | Noticed a scorpion
    24 | D:5      | Found Jekholul's Weapon Emporium.
   113 | D:5      | Found a staircase to the Ecumenical Temple.
   117 | Temple   | Entered the Ecumenical Temple
   192 | Temple   | Became a worshipper of Vehumet
   248 | D:5      | Noticed an iguana
   264 | D:5      | Noticed an orc warrior
   264 | D:5      | Noticed an orc wizard
   264 | D:5      | Noticed a hound
   268 | D:5      | Slain by a hound

Illustrated notes

Levels and vault maps discovered:
D:5:      layout_rooms, nicolae_overflow_crystal_walls,
          minmay_temple_entry_grid, serial_shops,
          nicolae_shop_bloodbath_and_beyond
Temple:   regret_index_temple_chain_breaker

Action                     || total
---------------------------++-------
  Melee: Falchion          ||     8
         Bite              ||     3
    Use: Scroll            ||     2
         Potion            ||     1
 Armour: Leather armour    ||     6
  Dodge: Dodged            ||    12

Table legend: (Time is in decaauts)
 A = Elapsed time spent in this place.
 B = Non-inter-level travel time spent in this place.
 C = Inter-level travel time spent in this place.
 D = Time resting spent in this place.
 E = Time spent auto-exploring this place.
 F = Levels seen in this place.
 G = Mean time per level.
                   A        B        C        D        E       F      G
               +--------+--------+--------+--------+--------+-----+--------+
         Total |    267 |    257 |     10 |     26 |     60 |   2 |  133.5 |
       Dungeon |    182 |    181 |      1 |     26 |      0 |   1 |  182.0 |
        Temple |     84 |     75 |      9 |      0 |     60 |   1 |   84.0 |
               +--------+--------+--------+--------+--------+-----+--------+

Top non-repeatable levels by time:
     D:5: 182 daAuts
  Temple: 84 daAuts
